 Dungeon Crawl Stone Soup version 0.20.1-1-g8b1a95d (webtiles) character file.

468 jmlagarto the Poker (level 7, -2/64 HPs)
             Began as a Naga Chaos Knight on Sept 18, 2017.
             Killed by divine providence
             ... invoked by an orc priest
              (12 damage)
             ... on level 7 of the Dungeon.
             The game lasted 00:06:53 (2785 turns).

jmlagarto the Poker (Naga Chaos Knight)             Turns: 2785, Time: 00:06:53

Health: -2/64      AC:  7    Str: 17      XL:     7   Next: 8%
Magic:  7/7        EV:  9    Int: 12      God:    Xom [......]
Gold:   162        SH:  0    Dex:  9 (10) Spells: 6/6 levels left

rFire    . . .     SeeInvis +   a - +0 spear (chaos)
rCold    . . .     Gourm    .   (no shield)
rNeg     . . .     Faith    .   b - +3 leather armour
rPois    +         Spirit   .   (no helmet)
rElec    .         Reflect  .   (no cloak)
rCorr    .         Harm     .   (no gloves)
MR       .....                  (no barding)
Stlth    ++........             (no amulet)
Regen    0.2/turn               i - ring of wizardry
MPRegen  0.1/turn               (no ring)

@: marked, very slightly contaminated, very slow
A: see invisible, deformed body, poison resistance, slowness 2, slow metabolism
1, spit poison 1, AC +2
a: Spit Poison, Renounce Religion


You were on level 7 of the Dungeon.
You worshipped Xom.
You were a very special plaything of Xom.
You were very full.

You visited 1 branch of the dungeon, and saw 6 of its levels.

You collected 162 gold pieces.

Inventory:

Hand Weapons
 a - a +0 spear of chaos (weapon)
Armour
 b - a +3 leather armour (worn)
Jewellery
 i - a ring of wizardry (left hand)
Wands
 j - a wand of disintegration (6/24)
Scrolls
 e - 3 scrolls of remove curse
 k - a scroll of identify
Potions
 d - a potion of agility {unknown}
 f - a potion of heal wounds
 h - 2 potions of might {unknown}
 l - a potion of cancellation {unknown}
 n - a potion of mutation {unknown}
 o - 2 potions of berserk rage {unknown}
Comestibles
 g - 4 meat rations


   Skills:
 + Level 4.3 Fighting
 + Level 5.9 Polearms
 + Level 2.4 Armour
 + Level 1.5 Dodging
 + Level 3.4 Stealth


You had 6 spell levels left.
You didn't know any spells.

Dungeon Overview and Level Annotations

Branches:
Dungeon (7/15)
 Temple: D:4-7

Altars:


Innate Abilities, Weirdness & Mutations

You cannot wear boots.
Your serpentine skin is tough. (AC +2)
You have supernaturally acute eyesight. (SInv)
Armour fits poorly on your strangely shaped body.
Your system is resistant to poisons. (rPois)
You cover ground very slowly.
You have a slow metabolism.
You can spit poison.


Message History

You are now a very special plaything of Xom.
The orc priest miscasts a cantrip.
Xom decides to rearrange the pieces.
You swap places with the jackal.
Some monsters swap places.
The orc wizard looks rather confused.
The orc priest calls down the wrath of Beogh upon you.
Beogh smites you!
* * * LOW HITPOINT WARNING * * *
Found 14 gold pieces and 11 arrows. 2 orcs and a crimson imp come into view.
As you read the scroll labeled MOVOAN MUUTIA, it crumbles to dust.
The creatures around you are filled with an inner flame!
It was a scroll of immolation.
The crimson imp shouts! "The weather's been a little too boring around here."
The jackal closely misses you. The adder skeleton closely misses you.
The orc priest invokes the aid of Beogh against you.
Beogh smites you!
You die...
Xom laughs nastily!

####.........
###............
...............
...............
..........o.....
#.......o.o..?..
........ho......
.../....@Zh.....
........h..5....
......o.........
...............$
.(#..#<........
5 #..#.........
## #.........
..........
.........


You could see an orc priest (inner flame), an orc wizard (inner flame), 2
crimson imps, 3 orcs, 3 jackals and an adder skeleton (inner flame).

Vanquished Creatures
  An ogre (D:3)
  A scorpion (D:4)
  A howler monkey (D:4)
  A hound (D:6)
  2 orc wizards
  An orc priest (D:4)
  An iguana (D:6)
  2 worker ants
  2 adders
  An ooze (D:3)
  A worm (D:3)
  3 dart slugs
  7 leopard geckos
  5 orcs
  A ball python (D:2)
  5 bats
  4 giant cockroaches
  5 goblins
  6 hobgoblins
  4 jackals (D:1)
  4 quokkas
  10 frilled lizards
  2 kobolds
  8 rats
78 creatures vanquished.

Notes
Turn   | Place    | Note
-------+----------+-------------------------------------------
     0 | D:1      | jmlagarto the Naga Chaos Knight began the quest for the Orb.
     0 | D:1      | Reached XP level 1. HP: 21/21 MP: 1/1
   118 | D:1      | Reached XP level 2. HP: 26/28 MP: 2/2
   367 | D:1      | Reached XP level 3. HP: 34/34 MP: 3/3
   728 | D:2      | Reached skill level 1 in Dodging
   747 | D:2      | Reached skill level 4 in Polearms
   821 | D:2      | XOM: harmless Necr miscast
  1140 | D:2      | Reached XP level 4. HP: 22/43 MP: 4/4
  1256 | D:3      | XOM: harmless Ice miscast
  1330 | D:3      | XOM: divination: detect creatures
  1629 | D:3      | Reached XP level 5. HP: 43/50 MP: 5/5
  1939 | D:3      | Noticed an ogre
  1947 | D:3      | Killed an ogre
  1947 | D:3      | Reached skill level 5 in Polearms
  2304 | D:3      | Reached XP level 6. HP: 56/57 MP: 6/6
  2362 | D:4      | XOM: divination: magic mapping
  2371 | D:4      | Reached skill level 1 in Stealth
  2417 | D:4      | XOM: divination: magic mapping
  2456 | D:4      | XOM: noise
  2464 | D:4      | XOM: mild Tloc miscast
  2481 | D:4      | You fall through a shaft for 2 floors!
  2685 | D:6      | Reached XP level 7. HP: 52/64 MP: 7/7
  2686 | D:6      | XOM: stat loss: -1 Dex (9/10)
  2784 | D:7      | XOM: swap monsters
  2785 | D:7      | XOM: chaos cloud
  2785 | D:7      | Killed from afar by an orc priest

Skill      XL: |  1  2  3  4  5  6 |
---------------+-------------------+-----
Dodging        | 1 |  1.5
Polearms       | 4 5 |  5.9
Fighting       | 4 |  4.3
Armour         | 2 |  2.4
Stealth        | 3 |  3.4

Action                   |  1- 3 |  4- 6 |  7- 9 || total
-------------------------+-------+-------+-------++-------
Melee: Spear             |   111 |   154 |    12 ||   277
  Use: Scroll            |     4 |       |     2 ||     6
 Stab: Paralysed         |     1 |     2 |       ||     3
       Sleeping          |       |     4 |       ||     4
  Eat: Fruit             |       |     4 |       ||     4
       Bread ration      |       |       |     2 ||     2
Armor: Leather armour    |    37 |    36 |     5 ||    78
Dodge: Dodged            |    35 |    37 |    11 ||    83
